 Dungeon Crawl Stone Soup version 0.21.0 (webtiles) character file.

170 MatthieuS the Conjurer (level 5, -7/30 HPs)
             Began as a Tengu Conjurer on July 24, 2018.
             Mangled by an orc
             ... wielding a +0 flail
              (11 damage)
             ... on level 3 of the Dungeon.
             The game lasted 00:07:12 (2438 turns).

MatthieuS the Conjurer (Tengu Conjurer)             Turns: 2438, Time: 00:07:12

Health: -7/30      AC:  4    Str:  8    XL:     5   Next: 51%
Magic:  0/11       EV: 12    Int: 16    God:
Gold:   179        SH:  0    Dex: 15    Spells: 5/11 levels left

rFire    . . .     SeeInvis .   (no weapon)
rCold    . . .     Gourm    .   (no shield)
rNeg     . . .     Faith    .   g - +0 leather armour
rPois    .         Spirit   .   (helmet restricted)
rElec    .         Reflect  .   (no cloak)
rCorr    .         Harm     .   q - +0 pair of gloves
MR       .....                  (boots unavailable)
Stlth    ++........             (no amulet)
HPRegen  0.10/turn              (no ring)
MPRegen  0.12/turn              (no ring)

@: very slightly contaminated, invisible
A: beak, talons 3, able to fly 1
a: Fly


You were on level 3 of the Dungeon.
You were hungry.

You visited 1 branch of the dungeon, and saw 3 of its levels.

You collected 179 gold pieces.

Inventory:

Armour
 a - a +0 robe
 g - a +0 leather armour (worn)
 q - a +0 pair of gloves (worn)
Jewellery
 j - a cursed amulet of faith {unknown}
Scrolls
 d - 5 scrolls of identify {unknown}
 e - 4 scrolls of teleportation {unknown}
 f - a scroll of remove curse {unknown}
 h - a scroll of enchant armour {unknown}
 i - a scroll of fear {unknown}
 k - 3 scrolls of enchant weapon {unknown}
 m - a scroll of noise {unknown}
 o - a scroll of blinking {unknown}
Potions
 s - a potion of might {unknown}
Books
 b - a book of Conjurations

   Spells                             Type                      Level
   a - Magic Dart                     Conjuration                  1
   b - Searing Ray                    Conjuration                  2
   c - Dazzling Spray                 Conjuration/Hexes            3
   d - Fulminant Prism                Conjuration/Hexes            4
   e - Force Lance                    Conjuration/Translocation    4
   f - Iskenderun's Mystic Blast      Conjuration                  4
Comestibles
 c - 4 rations
 t - 13 chunks of flesh


   Skills:
 + Level 1.9 Fighting
 + Level 2.2 Armour
 - Level 2.1 Dodging
 - Level 2.0 Stealth
 * Level 3.6 Spellcasting
 + Level 6.1 Conjurations


You had 5 spell levels left.
You knew the following spells:

 Your Spells              Type           Power        Failure   Level  Hunger
a - Magic Dart            Conj           ###.         1%          1    None
b - Searing Ray           Conj           ###...       3%          2    ##.....
c - Dazzling Spray        Conj/Hex       ##....       22%         3    ###....


Dungeon Overview and Level Annotations

Branches:
Dungeon (3/15)

Altars:


Innate Abilities, Weirdness & Mutations

You have a beak for a mouth.
You have claws for feet.
You can fly.


Message History

Casting: Magic Dart
Confirm with . or Enter, or press ? or * to list all spells.
Aiming: Magic Dart
Press: ? - help, Shift-Dir - straight line, f/p - orc
Aim: an orc, wielding a flail and wearing a leather armour (lightly wounded)
The magic dart hits the orc.
The orc is severely wounded.
The kobold barely misses you. The orc misses you.
Casting: Magic Dart
Confirm with . or Enter, or press ? or * to list all spells.
Aiming: Magic Dart
Press: ? - help, Shift-Dir - straight line, f/p - orc
Aim: an orc, wielding a flail and wearing a leather armour (severely wounded)
The magic dart hits the orc.
The orc is severely wounded.
The kobold completely misses you. The orc misses you.
You closely miss the orc.
The orc is severely wounded.
The kobold misses you. The orc hits you with a flail!
You die...

###.. # #.....# #
#.#.#.# #### #.#.#.#
.... #.#.#.# ###
#.#.#.# #.. ##.#.#.#
#.# #######....#.# #.#
#.(.o@K....#.## #.#
#.#####.......######..
#.#.###.##
##.#..#.)).....#
#)......#
###...)######.#
#...###..# #.#### #..
.. #..# #.# #.. #..#
#.# #.. ########).####
#.# #..
............###.. #..


You could see an orc and a kobold.

Vanquished Creatures
  An orc priest (D:3)
  4 adders
  A gnoll (D:1)
  2 oozes (D:1)
  A worm (D:2)
  2 dart slugs
  A leopard gecko (D:2)
  6 orcs (D:3)
  2 giant cockroaches (D:1)
  6 goblins
  10 hobgoblins
  11 jackals (D:2)
  6 kobolds
  3 ball pythons
  7 bats
  4 frilled lizards
  6 rats
73 creatures vanquished.

Notes
Turn   | Place    | Note
-------+----------+-------------------------------------------
     0 | D:1      | MatthieuS the Tengu Conjurer began the quest for the Orb.
     0 | D:1      | Reached XP level 1. HP: 10/10 MP: 4/4
   109 | D:1      | Reached XP level 2. HP: 16/16 MP: 0/6
   113 | D:1      | Learned a level 2 spell: Searing Ray
   468 | D:1      | Reached skill level 1 in Armour
   468 | D:1      | Reached XP level 3. HP: 15/20 MP: 0/7
   585 | D:1      | Reached skill level 1 in Fighting
   805 | D:1      | Learned a level 3 spell: Dazzling Spray
  1280 | D:2      | Reached XP level 4. HP: 21/25 MP: 0/9
  2190 | D:3      | Reached skill level 6 in Conjurations
  2190 | D:3      | Gained mutation: You can fly. [Tengu growth]
  2190 | D:3      | Reached XP level 5. HP: 29/29 MP: 5/10
  2438 | D:3      | Mangled by an orc

Skill      XL: |  1  2  3  4 |
---------------+-------------+-----
Armour         | 1 2 |  2.2
Fighting       | 1 |  1.9
Spellcasting   | 3 |  3.6
Conjurations   | 6 |  6.1
Dodging        | |  2.1
Stealth        | |  2.0

Action                   |  1- 3 |  4- 6 || total
-------------------------+-------+-------++-------
Melee: Unarmed           |     3 |    32 ||    35
       Kick              |     2 |     3 ||     5
       Peck              |       |     3 ||     3
 Cast: Magic Dart        |    75 |    74 ||   149
       Searing Ray       |     1 |     3 ||     4
  Use: Potion            |       |     5 ||     5
 Stab: Invisible         |       |     1 ||     1
  Eat: Chunk             |     2 |     3 ||     5
Armor: Robe              |     1 |       ||     1
       Leather armour    |     3 |    10 ||    13
       Skin              |       |    16 ||    16
Dodge: Dodged            |    24 |    19 ||    43
